 Dungeon Crawl Stone Soup version 0.28-a0-429-g1448048969 (webtiles) character file.

Game seed: 16021144295030970292

60 GordonOverkill the Grave Robber (level 3, -2/16 HPs)
             Began as a Felid Necromancer on Sept 10, 2021.
             Killed from afar by an orc wizard (11 damage)
             ... with a magic dart
             ... on level 3 of the Dungeon.
             The game lasted 00:06:12 (3880 turns).

GordonOverkill the Grave Robber (Felid Necromancer) Turns: 3880, Time: 00:06:13

Health: -2/16      AC:  1    Str:  4    XL:     3   Next: 82%
Magic:  3/8        EV: 17    Int: 17    God:
Gold:   54         SH:  0    Dex: 16    Spells: 7/8 levels left
                                        Lives:  0   Deaths: 0

rFire   . . .      SeeInvis +   (weapon unavailable)
rCold   . . .      Faith    .   (shield unavailable)
rNeg    . . .      Spirit   .   (armour unavailable)
rPois   .          Reflect  .   (helmet unavailable)
rElec   .          Harm     .   (cloak unavailable)
rCorr   .          Rampage  .   (gloves unavailable)
Will    .....                   (boots unavailable)
Stlth   ++........              (no amulet)
HPRegen 0.05/turn               e - ring of wizardry
MPRegen 0.11/turn               (no ring)

@: quick
A: very small, claws 1, fangs 3, see invisible, speed 1, shaggy fur 1, stealthy
paws, no weapons or thrown items, no armour, multi-lived
a: no special abilities


You were on level 3 of the Dungeon.
You visited 1 branch of the dungeon, and saw 3 of its levels.

You collected 54 gold pieces.

Inventory:

Jewellery
 e - a ring of wizardry (left paw)
 i - a ring of poison resistance
Potions
 a - a potion of curing
 b - a potion of flight {unknown}
 c - a potion of haste {unknown}
 d - a potion of cancellation {unknown}
 h - a potion of attraction {unknown}


   Skills:
 + Level 2.3 Fighting
 - Level 2.6 Dodging
 - Level 2.6 Stealth
 + Level 3.1 Spellcasting
 - Level 4.0 Necromancy


You had 7 spell levels left.
You knew the following spells:

 Your Spells              Type           Power      Damage    Failure   Level
a - Pain                  Necr           64%        1d7       1%          1

Your spell library contained the following spells:

 Spells                   Type           Power      Damage    Failure   Level
 Animate Skeleton         Necr           32%        N/A       1%          1
 Vampiric Draining        Necr           8%         2d7       4%          3
 Animate Dead             Necr           8%         N/A       13%         4
 Agony                    Necr           16%        N/A       34%         5


Dungeon Overview and Level Annotations

Branches:
Dungeon (3/15)

Altars:

Shops:
D:2 :


Innate Abilities, Weirdness & Mutations

You have sharp claws.
You have razor-sharp teeth.
You have supernaturally acute eyesight. (SInv)
You cover ground quickly. (Speed+)
You are covered in fur. (AC +1)
Your paws help you pounce on unaware monsters.
You are incapable of wielding weapons or throwing items.
You cannot wear armour.
You gain extra lives every three experience levels.


Message History

You start resting.
HP restored.
You start waiting.
Done waiting.
Casting: Pain (safe; 1% risk of failure)
Confirm with . or Enter, or press ? or * to list all spells.
Aiming: Pain (safe; 1% risk of failure)
Press: ? - help, Shift-Dir - straight line, f - orc wizard
Aim: an orc wizard, wielding a +0 dagger and wearing a +0 robe (wandering, hasn't noticed you, chance to affect: 75%)
The orc wizard shouts!
The orc wizard struggles to resist.
Casting: Pain (safe; 1% risk of failure)
Confirm with . or Enter, or press ? or * to list all spells.
Aiming: Pain (safe; 1% risk of failure)
Press: ? - help, Shift-Dir - straight line, f/p - orc wizard
Aim: an orc wizard, wielding a +0 dagger and wearing a +0 robe (chance to affect: 75%)
The orc wizard writhes in agony.
The orc wizard closely misses you.
Casting: Pain (safe; 1% risk of failure)
Confirm with . or Enter, or press ? or * to list all spells.
Aiming: Pain (safe; 1% risk of failure)
Press: ? - help, Shift-Dir - straight line, f/p - orc wizard
Aim: an orc wizard, wielding a +0 dagger and wearing a +0 robe (moderately wounded, chance to affect: 75%)
The orc wizard writhes in agony.
The orc wizard hits you with a +0 dagger.
Casting: Pain (safe; 1% risk of failure)
Confirm with . or Enter, or press ? or * to list all spells.
Aiming: Pain (safe; 1% risk of failure)
Press: ? - help, Shift-Dir - straight line, f/p - orc wizard
Aim: an orc wizard, wielding a +0 dagger and wearing a +0 robe (severely wounded, chance to affect: 75%)
The orc wizard struggles to resist.
The orc wizard barely misses you.
Casting: Pain (safe; 1% risk of failure)
Confirm with . or Enter, or press ? or * to list all spells.
Aiming: Pain (safe; 1% risk of failure)
Press: ? - help, Shift-Dir - straight line, f/p - orc wizard
Aim: an orc wizard, wielding a +0 dagger and wearing a +0 robe (severely wounded, chance to affect: 75%)
The orc wizard writhes in agony.
The orc wizard casts a spell at you. The magic dart hits you!
Ouch! That really hurt!
You die...

#**** ########### ******** #.,,*
#####.<.......# ,,,,,,,* #..,*
#)....#######.# ,,,,,,,*
#...###@###### #.#
,,,,,,,*##.....o......######.#
,,,,,..,.'....#...#...##.....####
**,,,...*#....#..........###....#
**,,,...##....#..##.÷.#.÷###.#...
**,>,#........#..............#..#
,+,,,+........###.#...#.#.####..#
**,,,*............#.......#......
******,,..#..o.......#..#.#.#####


You could see an orc wizard.

Vanquished Creatures
  2 adders
  An orc (D:3)
  2 endoplasms
  2 giant cockroaches (D:2)
  7 goblins
  5 hobgoblins
  A jackal (D:2)
  3 kobolds
  A quokka (D:1)
  4 ball pythons
  3 bats
  3 frilled lizards
  2 rats
36 creatures vanquished.

Notes
Turn   | Place    | Note
-------+----------+-------------------------------------------
     0 | D:1      | GordonOverkill the Felid Necromancer began the quest for
                  | the Orb.
     0 | D:1      | Reached XP level 1. HP: 7/7 MP: 4/4
   568 | D:1      | Reached skill level 1 in Fighting
   667 | D:1      | Reached XP level 2. HP: 10/12 MP: 4/6
   885 | D:1      | Found a faded altar of an unknown god.
  1499 | D:2      | Reached XP level 3. HP: 13/16 MP: 5/8
  3160 | D:2      | Found Utuv's Book Shop.
  3880 | D:3      | Killed from afar by an orc wizard

Illustrated notes

Levels and vault maps discovered:
D:1:      zaba_arrival_water, layout_loops_ring, basic_ecumenical_altar
D:2:      layout_basic, serial_shops, shop, minmay_tromino_v7
D:3:      layout_basic

Skill      XL: |  1  2  3 |
---------------+----------+-----
Fighting       | 1 2 |  2.3
Spellcasting   | 3 |  3.1
Dodging        | |  2.6
Stealth        | |  2.6
Necromancy     | |  4.0

Action                   || total
-------------------------++-------
Melee: Unarmed           ||     1
 Cast: Pain              ||    98
  Use: Scroll            ||     3
 Stab: Sleeping          ||     1
Dodge: Dodged            ||    10

Table legend: (Time is in decaauts)
 A = Elapsed time spent in this place.
 B = Non-inter-level travel time spent in this place.
 C = Inter-level travel time spent in this place.
 D = Time resting spent in this place.
 E = Time spent auto-exploring this place.
 F = Levels seen in this place.
 G = Mean time per level.
                   A        B        C        D        E       F      G
               +--------+--------+--------+--------+--------+-----+--------+
         Total |   3552 |   3469 |     83 |   2043 |    657 |   3 | 1184.0 |
       Dungeon |   3552 |   3469 |     83 |   2043 |    657 |   3 | 1184.0 |
               +--------+--------+--------+--------+--------+-----+--------+

Top non-repeatable levels by time:
     D:1: 1563 daAuts
     D:2: 1387 daAuts
     D:3: 601 daAuts
